 Dungeon Crawl Stone Soup version 0.28.0-53-g5a82cb258f (webtiles) character file.

Game seed: 4296799416926600796

3557 infcreate the Covert (level 9, -4/45 HPs)
             Began as a Vampire Enchanter on Aug 8, 2022.
             Slain by a wyvern (10 damage)
             ... while paralysed by Maurice
             ... on level 8 of the Dungeon.
             The game lasted 00:18:18 (8638 turns).

infcreate the Covert (Vampire Enchanter)            Turns: 8638, Time: 00:18:18

Health: -4/45      AC:  7    Str:  7    XL:     9   Next: 83%
Magic:  11/18      EV:  2    Int: 23    God:
Gold:   318        SH:  0    Dex: 19    Spells: 9/20 levels left

rFire   . . .      SeeInvis +   z - +1 dagger (venom)
rCold   + + +      Faith    .   (no shield)
rNeg    + + +      Spirit   .   a - +2 robe
rPois   ∞          Reflect  .   f - +0 helmet
rElec   .          Harm     .   u - +0 cloak
rCorr   .          Rampage  .   (no gloves)
Will    .....                   q - +0 pair of boots
Stlth   +++++++...              y - amulet of regeneration
HPRegen 0.00/turn               C - ring of protection from cold
MPRegen 0.16/turn               I - +6 ring of intelligence

@: paralysed, bloodless, inhibited regen
A: bloodless, fangs 3, see invisible, vampiric 2
a: Bat Form, Revivify


You were on level 8 of the Dungeon.
You visited 2 branches of the dungeon, and saw 9 of its levels.

You collected 318 gold pieces.


Innate Abilities, Weirdness & Mutations

You do not regenerate when monsters are visible.
You are frail without blood (-20% HP).
You can heal yourself when you bite living creatures.
You are immune to poison.
You have razor-sharp teeth.
You have supernaturally acute eyesight. (SInv)
You are afflicted with vampirism and can become a bat while bloodless.


   Skills:
 + Level 6.9 Short Blades
 + Level 7.2 Dodging
 + Level 10.8 Stealth
 + Level 6.0 Spellcasting
 + Level 10.1 Hexes


You had 9 spell levels left.
You knew the following spells:

 Your Spells              Type           Power      Damage    Failure   Level
c - Confusing Touch       Hex            52%        N/A       1%          3
d - Tukima's Dance        Hex            52%        N/A       1%          3
e - Ensorcelled Hibernat  Hex/Ice        60%        N/A       1%          2
f - Dazzling Flash        Conj/Hex       60%        N/A       3%          3

Your spell library contained the following spells:

 Spells                   Type           Power      Damage    Failure   Level
 Animate Skeleton         Necr           12%        N/A       9%          1
 Apportation              Tloc           12%        N/A       9%          1
 Summon Small Mammal      Summ           24%        N/A       9%          1
 Anguish                  Hex/Necr       15%        N/A       11%         4
 Sublimation of Blood     Necr           6%         N/A       13%         2
 Spider Form              Tmut/Pois      6%         N/A       26%         3
 Iskenderun's Mystic Bla  Conj/Tloc      6%         2d4       63%         4
 Petrify                  Tmut/Erth      6%         N/A       63%         4
 Irradiate                Conj/Tmut      3%         3d15      93%         5
 Starburst                Conj/Fire      3%         6d3       100%        6

Inventory:

Hand Weapons
 t - a +2 dagger of chaos
 z - a +1 dagger of venom (weapon)
Missiles
 g - 161 stones (quivered)
Armour
 a - a +2 robe (worn)
 f - a +0 helmet (worn)
 i - the +2 robe "Tiem" {rElec rF- Int+6}
   (You found it on level 5 of the Dungeon)

   Int:       It affects your intelligence (+6).
   rF:        It makes you vulnerable to fire.
   rElec:     It insulates you from electricity.
 q - a +0 pair of boots (worn)
 u - a +0 cloak (worn)
Jewellery
 y - an amulet of regeneration (around neck)
 C - a ring of protection from cold (left hand)
 I - a +6 ring of intelligence (right hand)
Wands
 b - a wand of flame (3)
 o - a wand of digging (6)
 r - a wand of acid (7)
 v - a wand of iceblast (15)
 E - a wand of mindburst (18)
Scrolls
 p - 3 scrolls of teleportation {@r2}
 s - a scroll of immolation
 A - a scroll of holy word {unknown}
 D - a scroll of enchant weapon {unknown}
Potions
 c - a potion of invisibility
 d - 4 potions of curing {@q1}
 e - a potion of flight {unknown}
 h - 2 potions of haste {unknown}
 j - 3 potions of heal wounds {@q2}
 k - a potion of degeneration {unknown}
 l - a potion of brilliance {unknown}
 m - a potion of magic {unknown}
 n - a potion of attraction {unknown}
 w - a potion of mutation
 x - a potion of might
 B - 2 potions of berserk rage {!q}

Dungeon Overview and Level Annotations

Branches:
Dungeon (8/15)             Temple (1/1) D:7
   Lair: D:8-11

Altars:
Ashenzari
Cheibriados
Elyvilon
Fedhas
Gozag
Hepliaklqana
Kikubaaqudgha
Makhleb
Okawaru
Ru
Sif Muna
Trog
Uskayaw
Vehumet
Wu Jian
Xom
Yredelemnul
Zin
The Shining One
Lugonu

Shops:
D:3 *   D:6 [

Portals:
Abyss: D:5

Annotations:
D:3 1 runed translucent door, diceflayer's ghost, amateur MiFi
D:7 Harold
D:8 Maurice

......§§§...###
......§≈§#..#.#
.........#..#.#
........# ....#
...(....###...#
........#.....#
........#)#<..#
#.........<#
#####+#####....J@#.#
......[.......@l)..#
....)..........J...#
..)................#
.)[.......(.{......#
...###..###.......##
..........#.###...#
........)....##...#
......(.{..J.##...#


You could see 2 slime creatures, Maurice (swift, invisible, ally target), a
wyvern and a friendly +0 spear.


Message History

Aim: Maurice, wielding a +0 spear, wearing a +0 cloak of poison resistance, quivering stones and carrying a wand of paralysis (10) (chance to affect: 72%)
The +0 spear dances into the air!
Maurice gestures wildly while chanting.
Maurice puts on a burst of speed!
Maurice hits your +0 spear.
Your +0 spear hits Maurice.
Your +0 spear hits Maurice!
Maurice zaps a wand.
You easily resist.
Your +0 spear closely misses Maurice.
Your +0 spear completely misses Maurice.
Two slime creatures merge to form a large slime creature.
Maurice mumbles some strange words.
Maurice blinks!
Things that are here:
a +0 ring mail; a +0 buckler The wyvern hisses menacingly.
A large slime creature splits.
Maurice zaps a wand.
You suddenly lose the ability to move!
Maurice mumbles some strange words.
Maurice flickers and vanishes for a moment.
Your +0 spear hits Maurice from afar.
The wyvern bites you!
* * * LOW HITPOINT WARNING * * *
The wyvern bites you!
* * * LOW HITPOINT WARNING * * *
The wyvern bites you.
* * * LOW HITPOINT WARNING * * *
Maurice looks sneaky.
The wyvern bites you but does no damage.
The wyvern bites you!
You die...

Skill      XL: |  1  2  3  4  5  6  7  8  9 |
---------------+----------------------------+-----
Stealth        | 5 6 8 9 10 | 10.8
Short Blades   | 2 3 4 5 6 |  6.9
Hexes          | 5 6 7 8 10 | 10.1
Dodging        | 3 4 5 6 7 |  7.2
Spellcasting   | 3 4 5 6 |  6.0

Action                   |  1- 3 |  4- 6 |  7- 9 || total
-------------------------+-------+-------+-------++-------
Melee: Dagger            |    52 |   137 |   200 ||   389
       Bite              |     4 |    16 |    29 ||    49
       Punch             |       |     6 |     1 ||     7
 Cast: Ensorcelled Hiber |    16 |    10 |       ||    26
       Confusing Touch   |     2 |    16 |    35 ||    53
       Tukima's Dance    |       |     1 |    14 ||    15
 Abil: Exsanguinate      |     1 |       |       ||     1
  Use: Scroll            |       |     3 |     1 ||     4
 Stab: Sleeping          |    20 |    28 |    14 ||    62
       Confused          |     2 |    12 |    25 ||    39
Armor: Robe              |     9 |    24 |    34 ||    67
Dodge: Dodged            |    24 |    72 |    90 ||   186

Levels and vault maps discovered:
D:1:      minmay_arrival_split_and_join, layout_loops_ring, serial_rivers,
          chequers_serial_rivers_micro_a, chequers_serial_rivers_small_3,
          chequers_serial_rivers_room_b, chequers_serial_rivers_micro_b,
          chequers_serial_rivers_small_3,
          hellmonk_ecumenical_altar_watching_god, minmay_tree_intersection
D:2:      layout_rooms, uniq_terence, uniq_crazy_yiuf_cottage
D:3:      minmay_inner_zag, layout_basic, ashenzari_conservatory_becter,
          grunt_gozag_breadcrumbs, grunt_temple_overflow_champion_of_chaos,
          ebering_ghost_inner_flame, serial_shops, shop
D:4:      layout_loops_corners, lemuel_tele_altar, chequers_serial_rivers_room_b
D:5:      layout_loops_ring, amcnicky_altar_lugonu_corruption, uniq_pikel,
          uniq_blork_the_orc
D:6:      layout_gridville, nicolae_overflow_crystal_walls, tso_metal_star,
          serial_shops, shop
D:7:      layout_basic, mainiacjoe_overflow_large_starburst,
          minmay_temple_entry_grid, uniq_harold, uniq_joseph
D:8:      layout_basic, mainiacjoe_overflow_tiny_flanked, kennysheep_mini_moat,
          uniq_prince_ribbit1, uniq_maurice
Temple:   cyrus_temple_forest

Notes
Turn   | Place    | Note
-------+----------+-------------------------------------------
     0 | D:1      | infcreate the Vampire Enchanter began the quest for the
                  | Orb.
     0 | D:1      | Reached XP level 1. HP: 13/13 MP: 3/3
   384 | D:1      | Found a faded altar of an unknown god.
   522 | D:1      | Reached XP level 2. HP: 15/15 MP: 5/5
   525 | D:1      | Learned a level 2 spell: Ensorcelled Hibernation
   739 | D:1      | Noticed an eye of devastation
   794 | D:1      | Noticed a shining eye
   799 | D:1      | Noticed a great orb of eyes
   804 | D:1      | Noticed a shining eye
  1721 | D:2      | Gained mutation: You are afflicted with vampirism and can
                  | become a bat while bloodless. [Vampire growth]
  1721 | D:2      | Reached XP level 3. HP: 19/19 MP: 3/6
  1726 | D:2      | Learned a level 3 spell: Confusing Touch
  1764 | D:2      | Reached skill level 5 in Stealth
  1797 | D:2      | Noticed Terence
  1879 | D:2      | Killed Terence
  1880 | D:2      | Reached skill level 2 in Short Blades
  1880 | D:2      | Reached skill level 5 in Hexes
  1925 | D:2      | Reached XP level 4. HP: 18/24 MP: 4/7
  1929 | D:2      | Learned a level 3 spell: Tukima's Dance
  2111 | D:2      | Found a runed translucent door.
  2112 | D:2      | Noticed Crazy Yiuf
  2258 | D:3      | Found a broken altar of Ashenzari.
  2297 | D:3      | Reached skill level 3 in Dodging
  2542 | D:3      | Found an opulent altar of Gozag.
  2636 | D:3      | Found Henkuots's Assorted Antiques.
  2882 | D:3      | Found a burning altar of Makhleb.
  2882 | D:3      | Found a shimmering altar of Xom.
  2886 | D:3      | Reached XP level 5. HP: 28/28 MP: 9/9
  2912 | D:3      | Found a runed translucent door.
  2913 | D:3      | Noticed an ogre
  2913 | D:3      | Noticed diceflayer's ghost (amateur MiFi)
  3470 | D:2      | Killed Crazy Yiuf
  3471 | D:2      | Reached skill level 3 in Spellcasting
  3684 | D:4      | Reached skill level 6 in Stealth
  4004 | D:4      | Reached skill level 3 in Short Blades
  4093 | D:4      | Noticed a necrophage
  4191 | D:4      | Killed a necrophage
  4192 | D:4      | Reached skill level 6 in Hexes
  4192 | D:4      | Reached XP level 6. HP: 29/32 MP: 3/10
  4196 | D:4      | Learned a level 3 spell: Dazzling Flash
  4467 | D:4      | Found an ancient bone altar of Kikubaaqudgha.
  4580 | D:4      | Reached skill level 4 in Dodging
  4870 | D:5      | Entered Level 5 of the Dungeon
  4890 | D:5      | Reached XP level 7. HP: 27/36 MP: 9/12
  5034 | D:5      | Identified the +2 robe "Tiem" {rElec rF- Int+6}
  5066 | D:5      | Reached skill level 7 in Stealth
  5128 | D:5      | Noticed Pikel
  5184 | D:4      | Killed Pikel
  5185 | D:4      | Reached skill level 4 in Short Blades
  5185 | D:4      | Reached skill level 5 in Dodging
  5185 | D:4      | Reached skill level 8 in Stealth
  5185 | D:4      | Reached skill level 4 in Spellcasting
  5185 | D:4      | Reached skill level 7 in Hexes
  5185 | D:4      | Reached XP level 8. HP: 41/41 MP: 0/14
  5304 | D:5      | Found a one-way gate to the infinite horrors of the Abyss.
  5304 | D:5      | Found a corrupted altar of Lugonu.
  5364 | D:5      | Noticed Blork the orc
  5366 | D:5      | Killed Blork the orc
  5391 | D:5      | Reached skill level 5 in Short Blades
  5403 | D:5      | Reached skill level 8 in Hexes
  6110 | D:5      | Identified the +9 war axe of Lusekk {vorpal, Will++}
  6186 | D:6      | Reached skill level 9 in Stealth
  6190 | D:6      | Reached skill level 5 in Spellcasting
  6309 | D:5      | Reached skill level 6 in Dodging
  6582 | D:6      | Reached XP level 9. HP: 45/45 MP: 16/16
  7102 | D:6      | Found Xaus's Armour Emporium.
  7136 | D:7      | Found a sacrificial altar of Ru.
  7136 | D:7      | Found an ornate altar of the Wu Jian Council.
  7149 | D:7      | Reached skill level 6 in Short Blades
  7149 | D:7      | Reached skill level 9 in Hexes
  7158 | D:7      | Noticed Harold
  7169 | D:7      | Noticed Joseph
  7188 | D:7      | Killed Joseph
  7189 | D:7      | Reached skill level 10 in Stealth
  7358 | D:7      | Found a staircase to the Ecumenical Temple.
  7445 | Temple   | Entered the Ecumenical Temple
  8240 | D:8      | Noticed Prince Ribbit
  8243 | D:8      | Noticed Maurice
  8309 | D:8      | Killed Prince Ribbit
  8310 | D:8      | Reached skill level 7 in Dodging
  8474 | D:8      | Reached skill level 6 in Spellcasting
  8474 | D:8      | Reached skill level 10 in Hexes
  8632 | D:8      | Paralysed by Maurice for 7 turns
  8638 | D:8      | Slain by a wyvern

Vanquished Creatures
  Prince Ribbit (D:8)
  2 wyverns
  3 sky beasts
  A water moccasin (D:7)
  A hornet zombie (D:7)
  An orc warrior (D:8)
  An ice beast (D:6)
  3 black bears
  A necrophage (D:4)
  An ogre (D:4)
  2 centaurs (D:6)
  Blork the orc (D:5)
  2 water moccasin zombies
  2 scorpions
  2 howler monkeys (D:5)
  A crimson imp (D:3)
  A bullfrog zombie (D:6)
  An orc priest (D:5)
  A hound (D:5)
  Crazy Yiuf (D:2)
  3 bullfrog skeletons
  Terence (D:2)
  2 iguanas
  2 orc wizards (D:5)
  A killer bee zombie (D:8)
  9 adders
  A shadow imp (D:6)
  2 white imps
  An adder skeleton (D:4)
  A worm (D:2)
  5 dart slugs
  20 orcs
  6 ball pythons
  4 bats
  6 endoplasms
  A giant cockroach (D:1)
  6 hobgoblins
  4 quokkas
  7 frilled lizards
  5 goblins
  5 kobolds
  2 rats
  A lurking horror (D:5)
124 creatures vanquished.

Vanquished Creatures (collateral kills)
  Pikel (D:4)
  Joseph (D:7)
  A gnoll sergeant (D:8)
  An orc wizard (D:8)
  2 gnolls (D:8)
  An orc (D:8)
7 creatures vanquished.

Vanquished Creatures (others)
  A dancing weapon (D:8)
1 creature vanquished.

Grand Total: 132 creatures vanquished

Table legend: (Time is in decaauts)
 A = Elapsed time spent in this place.
 B = Non-inter-level travel time spent in this place.
 C = Inter-level travel time spent in this place.
 D = Time resting spent in this place.
 E = Time spent auto-exploring this place.
 F = Levels seen in this place.
 G = Mean time per level.
                   A        B        C        D        E       F      G
               +--------+--------+--------+--------+--------+-----+--------+
         Total |   8577 |   7556 |   1021 |    630 |   5351 |   9 |  953.0 |
       Dungeon |   8487 |   7490 |    997 |    630 |   5294 |   8 | 1060.9 |
        Temple |     89 |     65 |     24 |      0 |     57 |   1 |   89.0 |
               +--------+--------+--------+--------+--------+-----+--------+

Top non-repeatable levels by time:
     D:1: 1635 daAuts
     D:4: 1335 daAuts
     D:3: 1289 daAuts
     D:5: 1201 daAuts
     D:7: 1005 daAuts
     D:6: 892 daAuts
     D:2: 736 daAuts
     D:8: 391 daAuts
  Temple: 89 daAuts

Table legend:
 A = Non-vault XP
 B = Vault XP
 C = Vault XP percentage of total XP
 D = Non-vault monster count
 E = Vault monster count
 F = Vault count percentage of total count
                 A         B        C        D         E       F
            +---------+---------+-------+---------+---------+-------
      Total |    3509 |    1573 |  31.0 |     119 |      11 |   8.5
            +---------+---------+-------+---------+---------+-------
        D:1 |      24 |       0 |   0.0 |      16 |       0 |   0.0
        D:2 |      49 |      75 |  60.5 |      11 |       2 |  15.4
        D:3 |     108 |      55 |  33.7 |      24 |       5 |  17.2
        D:4 |     394 |     629 |  61.5 |      18 |       1 |   5.3
        D:5 |     950 |      96 |   9.2 |      21 |       1 |   4.5
        D:6 |     752 |       0 |   0.0 |      13 |       0 |   0.0
        D:7 |     702 |     450 |  39.1 |       6 |       1 |  14.3
        D:8 |     530 |     268 |  33.6 |      10 |       1 |   9.1
            +---------+---------+-------+---------+---------+-------
